 Dungeon Crawl Stone Soup version 0.27.1-34-g3ba077fa99 (webtiles) character file.

Game seed: 207554775815047852

25 cbfl8 the Sneak (level 2, -2/27 HPs)
             Began as a Minotaur Delver on Jan 14, 2022.
             Slain by an orc (4 damage)
             ... on level 6 of the Dungeon.
             The game lasted 00:01:12 (343 turns).

cbfl8 the Sneak (Minotaur Delver)                    Turns: 343, Time: 00:01:13

Health: -2/27      AC:  3    Str: 16    XL:     2   Next: 82%
Magic:  1/1        EV: 12    Int:  7    God:
Gold:   25         SH:  0    Dex: 11    Spells: 1/1 levels left

rFire    . . .     SeeInvis .   a - +0 hand axe
rCold    . . .     Faith    .   (no shield)
rNeg     . . .     Spirit   .   b - +0 leather armour
rPois    .         Reflect  .   (helmet restricted)
rElec    .         Harm     .   (no cloak)
rCorr    .         Rampage  .   (no gloves)
Will     .....                  (no boots)
Stlth    ++........             (no amulet)
HPRegen  0.09/turn              (no ring)
MPRegen  0.07/turn              (no ring)

@: no status effects
A: horns 2, retaliatory headbutt
a: no special abilities


You were on level 6 of the Dungeon.
You visited 1 branch of the dungeon, and saw 2 of its levels.

You collected 25 gold pieces.

Inventory:

Hand Weapons
 a - a +0 hand axe (weapon)
Armour
 b - a +0 leather armour (worn)
Wands
 g - a wand of digging (3)
Scrolls
 e - a scroll of fear


   Skills:
 + Level 3.8 Fighting
 + Level 2.5 Axes
 + Level 0.7 Armour
 + Level 2.3 Dodging
 + Level 4.6 Stealth


You had one spell level left.
You didn't know any spells.
Your spell library was empty.

Dungeon Overview and Level Annotations

Branches:
Dungeon (6/15)
 Temple: D:4-7

Altars:


Innate Abilities, Weirdness & Mutations

You have a pair of horns on your head.
You reflexively headbutt those who attack you in melee.


Message History

The orc shouts!
You hit the orc but do no damage.
The orc is heavily wounded.
The orc hits you with a +0 club.
You hit the orc.
The orc is almost dead.
The orc misses you.
You hit the orc but do no damage.
The orc is almost dead.
The orc barely misses you. You furiously retaliate!
You headbutt the orc, but do no damage. You hit the orc.
You kill the orc!
The orc throws a boomerang.
Something hits you.
You miss something. You headbutt something!
You hear some strange, mumbled words.
A magic dart appears from out of thin air!
The magic dart hits you.
* * * LOW HITPOINT WARNING * * *
As you read the scroll of fog, it crumbles to dust.
The scroll dissolves into smoke.
The orc throws a boomerang.
The boomerang hits you.
* * * LOW HITPOINT WARNING * * *
Something hits you.
* * * LOW HITPOINT WARNING * * *
You hit something but do no damage. You headbutt something.
Reactivating autopickup.
You feel a bit more experienced.
The orc throws a boomerang.
The boomerang barely misses you.
You have reached level 2!
You closely miss the orc. The orc hits you with a +0 club.
* * * LOW HITPOINT WARNING * * *
The orc closely misses you.
You hit the orc. You headbutt the orc.
You kill the orc!
Unknown command.
You hit the orc.
The orc is almost dead.
The orc hits you with a +0 falchion.
You die...

,,,,*,,,,,,***+*,**,*
,,,,*,.........,,...#
,,,,**#.........##..#
,,,,*
#.........#...#######****
*****
#......,.............,,,*
#....#**+#...........,,,*
#..$.# *,,...........,,,*
##....#######§......o.,,,*
#...#**#.§§@o§........,,,*
#.#.####.######.......,,,*
#.#5##...# *#######****
#.#.##.### ####.#.##.#
#....#.##.# #.####.##.#
#....#.##.# ####.#....#


You could see an orc.

Vanquished Creatures
  An orc wizard (D:6)
  2 orcs (D:6)
3 creatures vanquished.

Notes
Turn   | Place    | Note
-------+----------+-------------------------------------------
     0 | D:5      | cbfl8 the Minotaur Delver began the quest for the Orb.
     0 | D:5      | Reached XP level 1. HP: 19/19 MP: 0/0
    38 | D:5      | Noticed a water moccasin zombie
   324 | D:6      | Noticed an orc wizard
   340 | D:6      | Killed an orc wizard
   341 | D:6      | Reached XP level 2. HP: 3/27 MP: 1/1
   341 | D:6      | HP: 1/27 [orc (2)]
   343 | D:6      | Slain by an orc

Illustrated notes

Levels and vault maps discovered:
D:5:      layout_basic, overflow_temple_1_default, goddamned_bats
D:6:      layout_basic, ebering_ghost_reflecting_pool

Action                   || total
-------------------------++-------
Melee: Hand axe          ||    11
       Headbutt          ||     3
  Use: Scroll            ||     3
       Potion            ||     1
Dodge: Dodged            ||     7
